 Dungeon Sprint DCSS version 0.30.1-4-g462c640d31 (webtiles) character file.

Game seed: 8542998604346539185

1218 Heoruswealwe the Cleaver (level 8, 0/82 HPs)
             Began as a Hill Orc Fighter on Aug 22, 2023.
             Was a Believer of Trog.
             Slain by a centaur warrior (3 damage)
             ... in the Dungeon (Sprint I: "Red Sonja").
             The game lasted 00:06:14 (502 turns).

Heoruswealwe the Cleaver (Hill Orc Fighter)          Turns: 502, Time: 00:06:15

Health: 0/82       AC: 11    Str: 21    XL:     8   Next: 46%
Magic:  8/8        EV:  8    Int:  8    God:    Trog [**....]
Gold:   105        SH:  6    Dex: 10    Spells: 7/7 levels left

rFire   . . .        a - +0 war axe
rCold   . . .        d - +0 buckler
rNeg    . . .        c - +0 chain mail
rPois   .            (no helmet)
rElec   .            (no cloak)
rCorr   .            (no gloves)
SInv    .            (no boots)
Will    .....        (no amulet) Stlth
                     (no ring)
HPRegen 0.33/turn    (no ring)
MPRegen 0.11/turn

%: no teleportation
@: mighty, hasted, very quick
A: no striking features
a: Renounce Religion, Berserk, Trog's Hand


You were in the Dungeon.
You worshipped Trog.
Trog was pleased with you.
You visited 1 branch You collected 459 gold pieces.
You spent 354 gold pieces at shops.

Inventory:

Hand Weapons
 a - a +0 war axe (weapon)
Armour
 c - a +0 chain mail (worn)
 d - a +0 buckler (worn)
Wands
 b - a wand of charming (12)
 k - a wand of digging (4)
Scrolls
 f - 3 scrolls of identify {unknown}
 h - a scroll of vulnerability {unknown}
 j - a scroll of blinking
 o - a scroll of magic mapping {unknown}
Potions
 i - a potion of flight {unknown}
 l - a potion of might
 m - a potion of degeneration {unknown}


   Skills:
 + Level 11.5 Fighting
 + Level 12.2 Axes
 + Level 10.6 Armour
 + Level 10.6 Shields


You had 7 spell levels left.
You didn't know any spells.
Your spell library was empty.

Dungeon Overview and Level Annotations

Branches:
Dungeon (1/1)

Altars:
Cheibriados
Dithmenos
Elyvilon
Fedhas
Gozag
Hepliaklqana
Kikubaaqudgha
Makhleb
Nemelex Xobeh
Okawaru
Qazlal
Ru
Sif Muna
Trog
Uskayaw
Vehumet
Wu Jian
Xom
Yredelemnul
Zin
The Shining One
Jiyva
Lugonu

Shops:
D *


Message History

You slash the centaur warrior!
The centaur warrior is moderately wounded.
You slash the centaur warrior! The centaur warrior hits you!
* * * LOW HITPOINT WARNING * * *
The centaur warrior kicks you.
* * * LOW HITPOINT WARNING * * *
The centaur warrior barely misses you.
The centaur warrior kicks you but does no damage.
You barely miss the centaur warrior.
The centaur warrior is moderately wounded.
You hit the centaur warrior.
The centaur warrior hits you but does no damage.
The centaur warrior kicks you.
* * * LOW HITPOINT WARNING * * *
You slash the centaur warrior!
The centaur warrior is heavily wounded.
You barely miss the centaur warrior. The centaur warrior hits you.
* * * LOW HITPOINT WARNING * * *
The centaur warrior kicks you.
* * * LOW HITPOINT WARNING * * *
You block the centaur warrior's attack. The centaur warrior closely misses you.
You barely miss the centaur warrior.
The centaur warrior is heavily wounded.
You slice the centaur warrior!!
The centaur warrior hits you but does no damage.
The centaur warrior barely misses you. You block the centaur warrior's attack.
The centaur warrior kicks you but does no damage.
You hit the centaur warrior.
The centaur warrior is severely wounded.
You hit the centaur warrior. The centaur warrior hits you.
* * * LOW HITPOINT WARNING * * *
The centaur warrior kicks you but does no damage.
The centaur warrior hits you.
* * * LOW HITPOINT WARNING * * *
You block the centaur warrior's attack.
You barely miss the centaur warrior.
The centaur warrior is severely wounded.
You hit the centaur warrior but do no damage.
The centaur warrior hits you.
You die...

##########################
#<.#..)..#).'..#__#..'.).#
#..!..#..'..#..'..'..#)..#
#..#####'#####'#__####...+
#..####..#...#[####§(#####
#..#__####..##§#c§§§§
#..#_____##'#_§@§§§§§
#⌠⌠#_.∩"..†..§§#c§§..#
##.#_..__##_.#§##+####
#..#_____###+#.#
########## ###


You could see 2 centaur warriors.

Vanquished Creatures
  2 kobold demonologists (D)
  Sigmund (D)
  A slime creature (D)
  A yak (D)
  A floating eye (D)
  An ogre (D)
  A jelly (D)
  Ijyb (D)
9 creatures vanquished.

Notes
Turn   | Place    | Note
-------+----------+-------------------------------------------
     0 | D        | Heoruswealwe the Hill Orc Fighter began the quest for the
                  | Orb.
     0 | D        | Reached XP level 1. HP: 19/19 MP: 1/1
     1 | D        | Noticed Ijyb
     9 | D        | Killed Ijyb
    10 | D        | Reached skill level 5 in Fighting
    10 | D        | Reached skill level 4 in Axes
    10 | D        | Reached XP level 2. HP: 28/29 MP: 2/2
    10 | D        | Reached XP level 3. HP: 35/36 MP: 3/3
    47 | D        | Noticed an ogre
    53 | D        | Killed an ogre
    54 | D        | Reached skill level 6 in Axes
    54 | D        | Reached XP level 4. HP: 39/45 MP: 4/4
   112 | D        | Noticed Sigmund
   131 | D        | Killed Sigmund
   132 | D        | Reached skill level 8 in Axes
   132 | D        | Reached XP level 5. HP: 29/55 MP: 5/5
   132 | D        | Reached XP level 6. HP: 33/62 MP: 6/6
   229 | D        | Found an ornate altar of the Wu Jian Council.
   229 | D        | Found a shimmering blue altar of Sif Muna.
   231 | D        | Found a radiant altar of Vehumet.
   296 | D        | Found Kywiufep's Assorted Antiques.
   296 | D        | Found an ancient bone altar of Kikubaaqudgha.
   296 | D        | Found a hazy altar of Hepliaklqana.
   296 | D        | Found a stormy altar of Qazlal.
   296 | D        | Found a hide-covered altar of Uskayaw.
   296 | D        | Found a blossoming altar of Fedhas.
   296 | D        | Found a bloodstained altar of Trog.
   296 | D        | Found an iron altar of Okawaru.
   296 | D        | Found a basalt altar of Yredelemnul.
   296 | D        | Found a glowing golden altar of the Shining One.
   296 | D        | Found a snail-covered altar of Cheibriados.
   296 | D        | Found a sacrificial altar of Ru.
   296 | D        | Found a glowing silver altar of Zin.
   296 | D        | Found a shadowy altar of Dithmenos.
   296 | D        | Found a white marble altar of Elyvilon.
   296 | D        | Noticed a yak
   304 | D        | Killed a yak
   305 | D        | Reached skill level 9 in Axes
   305 | D        | Reached XP level 7. HP: 51/70 MP: 7/7
   305 | D        | Found an opulent altar of Gozag.
   306 | D        | Found a sparkling altar of Nemelex Xobeh.
   310 | D        | Became a worshipper of Trog the Wrathful
   312 | D        | Bought a scroll labelled NUEDUSTR ITADOI for 24 gold pieces
   312 | D        | Bought a fuming grey potion for 21 gold pieces
   312 | D        | Bought a sapphire potion for 21 gold pieces
   312 | D        | Bought a large platinum amulet for 120 gold pieces
   312 | D        | Bought a scroll labelled TOISCH TIOHACW for 24 gold pieces
   312 | D        | Bought a scroll labelled TOISCH TIOHACW for 24 gold pieces
   312 | D        | Bought a scroll labelled RIULAA RISHRI for 24 gold pieces
   367 | D        | Found a burning altar of Makhleb.
   367 | D        | Found a viscous altar of Jiyva.
   367 | D        | Found a shimmering altar of Xom.
   367 | D        | Found a corrupted altar of Lugonu.
   367 | D        | Noticed a slime creature
   376 | D        | Killed a slime creature
   377 | D        | Reached skill level 10 in Fighting
   377 | D        | Reached skill level 10 in Axes
   405 | D        | Bought a potion of might for 96 gold pieces
   455 | D        | Noticed a kobold demonologist
   456 | D        | Noticed a kobold demonologist
   465 | D        | Killed a kobold demonologist
   465 | D        | Reached * piety under Trog
   466 | D        | Reached skill level 11 in Axes
   466 | D        | Reached skill level 10 in Armour
   466 | D        | Reached skill level 10 in Shields
   466 | D        | Reached XP level 8. HP: 75/82 MP: 8/8
   469 | D        | Noticed a sun demon
   473 | D        | Killed a kobold demonologist
   473 | D        | Reached ** piety under Trog
   474 | D        | Reached skill level 12 in Axes
   487 | D        | Noticed a centaur warrior
   488 | D        | Noticed a centaur warrior
   501 | D        | HP: 3/82 [centaur warrior (4)]
   502 | D        | Slain by a centaur warrior

Illustrated notes

Levels and vault maps discovered:
D:        dungeon_sprint_1 [red_sonja_temple_1, red_sonja_temple_small_1]

Skill      XL: |  1  2  3  4  5  6  7  8 |
---------------+-------------------------+-----
Fighting       | 5 6 8 9 11 | 11.5
Axes           | 4 6 8 9 11 12 | 12.2
Armour         | 4 6 7 8 10 | 10.6
Shields        | 4 6 7 8 10 | 10.6

Action                     |  1- 3 |  4- 6 |  7- 9 || total
---------------------------+-------+-------+-------++-------
  Melee: War axe           |    12 |    19 |    31 ||    62
  Evoke: Wand              |     1 |       |       ||     1
    Use: Potion            |     1 |     1 |     3 ||     5
 Armour: Scale mail        |     2 |       |       ||     2
         Chain mail        |       |     4 |     9 ||    13
  Dodge: Dodged            |     5 |     1 |     7 ||    13
  Block: Buckler           |     1 |     2 |     5 ||     8
